 Dungeon Crawl Stone Soup version 0.25-a0-294-gea9b1ad378 (webtiles) character file.

Game seed: 445744590709265515, levelgen mode: deterministic

174 MoonlitKnight the Sneak (level 5, -3/39 HPs)
             Began as a Vampire Assassin on Dec 18, 2019.
             Slain by a worker ant (4 damage)
             ... on level 3 of the Dungeon.
             The game lasted 00:04:33 (3120 turns).

MoonlitKnight the Sneak (Vampire Assassin)          Turns: 3120, Time: 00:04:33

Health: -3/39      AC:  5    Str: 10    XL:     5   Next: 28%
Magic:  5/5        EV: 12    Int: 14    God:
Gold:   143        SH:  0    Dex: 16    Spells: 4/4 levels left

rFire    . . .     SeeInvis +   a - +2 dagger
rCold    . . .     Gourm    .   (no shield)
rNeg     . . .     Faith    .   j - +0 leather armour
rPois    .         Spirit   .   f - +0 helmet
rElec    .         Reflect  .   c - +0 cloak
rCorr    .         Harm     .   (no gloves)
MR       .....                  (no boots)
Stlth    +++.......             (no amulet)
HPRegen  0.33/turn              (no ring)
MPRegen  0.09/turn              (no ring)

@: lethally poisoned (-3 -> -3), regenerating quickly
A: no food, fangs 3, see invisible, unbreathing
a: Exsanguinate


You were on level 3 of the Dungeon.
You were alive.

You visited 1 branch of the dungeon, and saw 4 of its levels.

You collected 143 gold pieces.

Inventory:

Hand Weapons
 a - a +2 dagger (weapon)
 b - a +0 hunting sling
Missiles
 d - 34 poisoned darts (quivered)
 e - 2 curare-tipped darts
 p - 26 sling bullets
Armour
 c - a +0 cloak (worn)
 f - a +0 helmet (worn)
 j - a +0 leather armour (worn)
Jewellery
 r - an uncursed amulet of the gourmand {unknown}
Wands
 n - a wand of disintegration (9)
Scrolls
 g - 2 scrolls of immolation {unknown}
 i - 5 scrolls of identify {unknown}
 m - a scroll of enchant weapon {unknown}
 o - 2 scrolls of remove curse {unknown}
Potions
 h - a potion of might {unknown}
 k - a potion of heal wounds {unknown}
 l - a potion of invisibility {unknown}
 q - a potion of curing {unknown}


   Skills:
 + Level 2.7 Fighting
 * Level 4.2 Short Blades
 - Level 1.5 Throwing
 + Level 2.6 Dodging
 + Level 6.9 Stealth


You had 4 spell levels left.
You didn't know any spells.
Your spell library contained the following spells:

 Spells                   Type           Power        Failure   Level  Hunger
 Corona                   Hex            #......      36%         1    N/A
 Ensorcelled Hibernation  Hex/Ice        #.....       52%         2    N/A
 Confuse                  Hex            #.......     75%         3    N/A
 Dazzling Flash           Conj/Hex       #.....       75%         3    N/A
 Tukima's Dance           Hex            #.......     75%         3    N/A

Dungeon Overview and Level Annotations

Branches:
Dungeon (4/15)
 Temple: D:4-7

Altars:

Annotations:
D:3 1 runed translucent door, jotwebe's ghost, weakling DrTm


Innate Abilities, Weirdness & Mutations

You do not eat.
Your natural rate of healing is unusually fast.
You have razor-sharp teeth.
You have supernaturally acute eyesight. (SInv)
You can survive without breathing.


Message History

* * * LOW HITPOINT WARNING * * *
The worker ant closely misses you.
There is a stone staircase leading up, spattered with blood here.
You see here a gnoll skeleton.
The worker ant bites you.
* * * LOW HITPOINT WARNING * * *
You are poisoned.
The worker ant poisons you!
You climb upwards.
Level annotation: 1 runed translucent door, jotwebe's ghost, weakling DrTm You feel sick.
There is a stone staircase leading down here.
Throwing (i - inventory. (/) - cycle)
d - 35 poisoned darts (quivered)
Press: ? - help, Shift-Dir - straight line, f - worker ant
Aim: a worker ant (moderately wounded)
You throw a poisoned dart.
The poisoned dart barely misses the worker ant.
* * * LOW HITPOINT WARNING * * *
You feel sick. The worker ant bites you.
You die...

.# #.#
.###############(#
.................#
.######..........#
.# #.########.# .#
#.# #.# .# #.# #.#
.# #.# #a# .# #.#
#@# .# #.# #)# .#
#<# #.# .# #.# #.#
.# #.# #.# .## #.#
#.# ..## #†# #.##
...## #.# #..#
....###.## ##.#


You could see a worker ant.

Vanquished Creatures
  Natasha (D:2)
  An orc wizard (D:3)
  An adder (D:3)
  3 gnolls
  An ooze (D:2)
  4 worms
  3 dart slugs
  2 leopard geckos (D:3)
  3 orcs (D:3)
  A ball python (D:1)
  2 giant cockroaches
  A goblin (D:2)
  10 hobgoblins
  5 jackals
  10 kobolds
  6 bats
  A frilled lizard (D:1)
  6 rats
61 creatures vanquished.

Notes
Turn   | Place    | Note
-------+----------+-------------------------------------------
     0 | D:1      | MoonlitKnight the Vampire Assassin began the quest for the
                  | Orb.
     0 | D:1      | Reached XP level 1. HP: 16/16 MP: 1/1
   245 | D:1      | Reached skill level 6 in Stealth
   335 | D:1      | Reached XP level 2. HP: 22/22 MP: 2/2
  1269 | D:2      | Reached XP level 3. HP: 27/27 MP: 3/3
  1428 | D:2      | Noticed Natasha
  1441 | D:2      | Killed Natasha
  1666 | D:2      | Reached XP level 4. HP: 33/33 MP: 4/4
  1989 | D:3      | Noticed jotwebe's ghost (weakling DrTm)
  2007 | D:3      | Found a runed translucent door.
  2387 | D:3      | Reached XP level 5. HP: 38/39 MP: 5/5
  3120 | D:3      | HP: 1/39 [poisoned by a worker ant]
  3120 | D:3      | Slain by a worker ant

Levels and vault maps discovered:
D:1:      giann_wishing_wells, layout_basic, chequers_serial_rivers_marsh
D:2:      layout_loops_corners, uniq_natasha
D:3:      layout_loops_ring, hellmonk_ghost_happy_afterlife
D:4:      layout_loops_corners, first_ration, nicolae_ru_path_of_blood

Skill      XL: |  1  2  3  4 |
---------------+-------------+-----
Stealth        | 6 |  6.9
Fighting       | 2 |  2.7
Short Blades   | 3 4 |  4.2
Dodging        | 2 |  2.6
Throwing       | |  1.5

Action                   |  1- 3 |  4- 6 || total
-------------------------+-------+-------++-------
Melee: Dagger            |   120 |   153 ||   273
       Bite              |    11 |     9 ||    20
Throw: Dart              |     5 |     1 ||     6
 Stab: Sleeping          |     5 |     5 ||    10
Armor: Robe              |     7 |       ||     7
       Leather armour    |    19 |    23 ||    42
Dodge: Dodged            |    50 |    81 ||   131

Table legend:
 A = Non-vault XP
 B = Vault XP
 C = Vault XP percentage of total XP
 D = Non-vault monster count
 E = Vault monster count
 F = Vault count percentage of total count
                 A         B        C        D         E       F
            +---------+---------+-------+---------+---------+-------
      Total |     214 |      35 |  14.1 |      60 |       1 |   1.6
            +---------+---------+-------+---------+---------+-------
        D:1 |      22 |       0 |   0.0 |      14 |       0 |   0.0
        D:2 |      43 |      35 |  44.9 |      18 |       1 |   5.3
        D:3 |     112 |       0 |   0.0 |      22 |       0 |   0.0
        D:4 |      37 |       0 |   0.0 |       6 |       0 |   0.0
            +---------+---------+-------+---------+---------+-------
